 Dungeon Crawl Stone Soup version 0.17-a0-1738-g82cdc46 (webtiles) character file.

122202 kae the Executioner (level 16, -15/136 HPs)
             Began as a Hill Orc Fighter on Aug 30, 2015.
             Was a High Priest of Qazlal.
             Killed from afar by a deep elf conjurer (27 damage)
             ... with a bolt of cold
             ... on level 3 of the Elven Halls.
             The game lasted 00:59:54 (27970 turns).

kae the Executioner (Hill Orc Fighter)             Turns: 27970, Time: 00:59:54

Health: -15/136    AC: 37    Str: 26      XL:     16   Next: 87%
Magic:  27/30      EV:  5    Int:  5 (8)  God:    Qazlal [*****.]
Gold:   676        SH:  7    Dex: 19      Spells: 0 memorised, 15 levels left

rFire  + + .     SeeInvis +     a - +5 battleaxe (flame)
rCold  . . .     Clarity  .     L - +9 armour of the Dragon King {rPois rF+ rC+ MR+}
rNeg   . . .     SustAt   .     (no shield)
rPois  +         Gourm    .     f - +0 helmet
rElec  .         Spirit   .     U - +2 cloak {MR+}
rCorr  +         Warding  .     m - +1 pair of gloves
rMut   .         Stasis   .     V - +0 pair of boots (curse)
MR     +++..                    y - amulet of resist corrosion
Stlth  ..........               v - +4 ring of dexterity
                                Q - ring of Cono {rF+ rC- Dex+5 SInv Stlth-}

@: repel missiles, extremely resistant to hostile enchantments, extremely
unstealthy
A: no striking features
a: Upheaval, Elemental Force, Disaster Area, Renounce Religion


You were on level 3 of the Elven Halls.
You worshipped Qazlal.
Qazlal was extremely pleased with you.
You were near starving.

You visited 4 branches of the dungeon, and saw 26 of its levels.
You also visited: Volcano.

You collected 2866 gold pieces.
You spent 2190 gold pieces at shops.

Inventory:

Hand weapons
 a - a +5 battleaxe of flaming (weapon)
 b - a +1 battleaxe of freezing
Armour
 f - a +0 helmet (worn)
 m - a +1 pair of gloves (worn)
 L - the +9 armour of the Dragon King (worn) {rPois rF+ rC+ MR+}
   (You bought it in a shop on level 1 of the Orcish Mines)

   It protects you from fire.
   It protects you from cold.
   It protects you from poison.
   It affects your resistance to hostile enchantments.
 U - a +2 cloak of magic resistance (worn)
 V - a cursed +0 pair of boots (worn)
Jewellery
 h - an uncursed amulet of rage
 v - a +4 ring of dexterity (right hand)
 y - an amulet of resist corrosion (around neck)
 z - an uncursed ring of flight
 Q - the ring of Cono (left hand) {rF+ rC- Dex+5 SInv Stlth-}
   (You found it on level 7 of the Lair of Beasts)

   [ring of dexterity]

   It affects your dexterity (+5).
   It protects you from fire.
   It makes you vulnerable to cold.
   It lets you see invisible.
   It makes you less stealthy.
Magical devices
 c - a wand of lightning (6)
 i - a wand of teleportation (7)
 q - a wand of frost (24)
 t - a wand of confusion (15)
 B - a wand of fire (10)
 C - a wand of hasting (7)
 E - a wand of lightning (4)
 O - a wand of digging (24)
 S - a wand of disintegration (12)
Scrolls
 g - 3 scrolls of fear
 l - 11 scrolls of teleportation
 p - 9 scrolls of identify
 r - 2 scrolls of fog
 x - a scroll of enchant armour
 A - 6 scrolls of magic mapping
 F - 7 scrolls of remove curse
 T - 4 scrolls of blinking
Potions
 d - 5 potions of might
 e - a potion of magic
 n - 7 potions of curing
 s - 2 potions of cancellation
 u - 2 potions of berserk rage
 w - 3 potions of ambrosia
 J - a potion of flight
 K - 4 potions of haste
Books
 k - the Disquisition on Lucky Sinister Rituals
   (You found it on level 1 of the Elven Halls)

   Spells                             Type                      Level
   a - Pain                           Necromancy                   1
   b - Sublimation of Blood           Necromancy                   2
   c - Regeneration                   Charms/Necromancy            3
   d - Excruciating Wounds            Charms/Necromancy            5
   e - Cigotuvi's Embrace             Necromancy                   5
 o - a book of Ice

   Spells                             Type                      Level
   a - Ice Form                       Ice/Transmutation            4
   b - Metabolic Englaciation         Hexes/Ice                    5
   c - Ozocubu's Refrigeration        Ice                          6
   d - Bolt of Cold                   Conjuration/Ice              6
   e - Freezing Cloud                 Conjuration/Ice/Air          6
   f - Simulacrum                     Ice/Necromancy               6
Comestibles
 H - 43 fruits


   Skills:
 - Level 10.6 Fighting
 * Level 23.2 Axes
 + Level 12.6 Armour
   Level 3.2 Shields
 - Level 20.6 Invocations


You had 15 spell levels left.
You didn't know any spells.

Dungeon Overview and Level Annotations

Branches:
Dungeon (11/15)            Temple (0/1) D:7            Lair (8/8) D:9
 Shoals (0/4) Lair:6        Snake (0/4) Lair:4        Slime (0/6) Lair:6
    Orc (4/4) D:11            Elf (3/3) Orc:3

Altars:
Ashenzari
Dithmenos
Fedhas
Gozag
Kikubaaqudgha
Nemelex Xobeh
Qazlal
Ru
Sif Muna
Trog
Vehumet
Yredelemnul
Zin
The Shining One
Jiyva

Shops:
D:7 }   Orc:1 [   Orc:4 %*?[


Message History

Unknown command.
Unknown command.
Drink which item? (? for menu, Esc to quit)
You feel much better.
The tormentor is struck by lightning.
You kill the tormentor!
The reaper hits you from afar with a scythe of protection!!
* * * LOW HITPOINT WARNING * * *
You block the orange demon's attack.
You hear a shout! x4
You cut the deep elf demonologist into ribbons!!!
You burn the deep elf demonologist.
You kill the deep elf demonologist!
Qazlal accepts your kill.
The neqoxec disappears in a puff of smoke!
The reaper disappears in a puff of smoke!
The orange demon disappears in a puff of smoke!
A deep elf conjurer comes into view. It is wielding a short sword.
The deep elf conjurer points at you and mumbles some strange words.
The bolt of cold hits you!
You die...

...+####+....!+#######.## ....#
##.......## ##.###+# #
...§###.........# ##+...### #
)...+<+........§#######.......###
...§###.......§.+.....+.......##.
..§.# ##.......########...P.§.##.
...## ##.....+## #.<..§..##.
##+## ##...##.## #....§..###
##.## ###+###@## ###...#+###
##.## ##)## ######.##
#####.######.#####)############..
§...............§.e§§)...........
..................§§.............
≈≈..............§4.§.............
≈≈≈≈............(......[.........
##≈≈≈≈≈≈≈≈≈≈≈≈≈..≈≈≈≈≈≈≈≈≈≈≈≈≈≈≈≈
##≈≈≈≈≈≈≈≈≈≈≈≈.)≈≈≈≈≈≈≈≈≈≈≈≈≈≈≈≈


You could see a deep elf conjurer.

Vanquished Creatures
  Jorgrun (Elf:2)
  2 deep elf demonologists (Elf:3)
  Nessos (Lair:6)
  The ghost of kae the Severer, a powerful HOFi of Qazlal (D:10)
  2 deep elf death magi
  Fannar (Orc:1)
  Erica (D:9)
  4 centaur warriors
  11 hydras
  15 death yaks
  14 dancing weapons (Elf:2)
  Urug (Orc:1)
  17 deep elf knights
  2 unseen horrors
  A hell knight (Elf:1)
  The ghost of cmdexe the Skirmisher, an experienced DsFi of Okawaru (D:11)
  3 wizards
  7 deep elf summoners
  An ice statue (Lair:1)
  4 orc knights
  Pikel (D:9)
  7 deep elf conjurers
  A necromancer (Elf:1)
  The ghost of cmdexe the Shield-Bearer, an experienced DsFi of Okawaru (D:6)
  A manticore (D:10)
  An orc sorcerer (Elf:2)
  2 griffons
  2 cyclopes (D:11)
  3 toenail golems (Volcano)
  A centaur zombie (D:10)
  6 elephants
  2 black mambas
  14 spiny frogs
  Joseph (D:9)
  7 komodo dragons
  2 gargoyles
  A blue devil (Lair:1)
  4 fire drakes
  A spriggan druid (Lair:8)
  A troll (D:9)
  8 deep elf priests
  A two-headed ogre (D:11)
  16 polar bears
  17 blink frogs
  5 wyverns
  A trapdoor spider (D:10)
  18 spriggans (Lair:8)
  7 redbacks (Lair:8)
  22 yaks
  4 basilisks
  A wraith (D:10)
  34 deep elf fighters
  A steam dragon (D:10)
  2 wargs
  28 wolves
  24 deep elf magi
  6 humans (Volcano)
  13 hippogriffs
  11 water moccasins
  A naga (Lair:4)
  14 porcupines
  Duvessa (D:4)
  32 orc warriors
  2 phantoms
  A swamp drake (D:11)
  6 wasps (Lair:8)
  9 ice beasts
  9 ogres
  3 slaves (D:9)
  7 black bears
  4 necrophages
  4 sky beasts
  An eye of draining (D:11)
  2 large abominations (Elf:1)
  14 crocodiles
  12 centaurs
  3 elf zombies (Elf:1)
  2 big kobolds
  20 giant frogs
  Dowan (D:4)
  2 wyvern skeletons
  13 killer bees
  2 scorpions
  3 wights (D:7)
  An electric eel (Elf:3)
  7 crimson imps
  11 hounds
  17 orc priests
  4 jellies
  17 orc wizards
  Crazy Yiuf (D:7)
  4 centaur skeletons
  11 iguanas
  3 giant frog skeletons
  9 worker ants
  6 hell rats (Lair:4)
  12 sheep
  3 hound skeletons
  2 worker ant zombies
  31 river rats
  11 adders
  7 gnolls
  A shadow imp (D:6)
  A white imp (Lair:1)
  3 oozes
  10 giant geckos
  143 orcs
  2 bat zombies (D:5)
  6 giant cockroaches
  4 goblins
  8 hobgoblins
  9 jackals
  9 quokkas
  2 ball pythons
  A ball python zombie (D:5)
  6 bats
  10 giant newts
  5 kobolds
  2 quokka skeletons
  A quokka zombie (D:9)
  9 rats
  A bush (Lair:7)
  2 crawling corpses (Elf:2)
  42 fungi
  21 plants
991 creatures vanquished.

Vanquished Creatures (others)
  A slave (D:9)
  A shadow imp (D:9)
  38 fungi
  13 plants
53 creatures vanquished.

Grand Total: 1044 creatures vanquished

Notes
Turn   | Place    | Note
--------------------------------------------------------------
     0 | D:1      | kae the Hill Orc Fighter began the quest for the Orb.
     0 | D:1      | Reached XP level 1. HP: 19/19 MP: 1/1
    78 | D:1      | Reached XP level 2. HP: 19/26 MP: 2/2
   117 | D:1      | Reached skill level 4 in Axes
   328 | D:1      | Reached XP level 3. HP: 26/31 MP: 3/3
   644 | D:2      | Reached skill level 5 in Axes
   959 | D:2      | Reached XP level 4. HP: 36/39 MP: 4/4
  1341 | D:2      | Found a sparkling altar of Nemelex Xobeh.
  1342 | D:2      | Found an opulent altar of Gozag.
  1430 | D:2      | Found a glowing golden altar of the Shining One.
  1430 | D:2      | Found a glowing silver altar of Zin.
  1639 | D:3      | Reached skill level 6 in Axes
  1724 | D:3      | Found a sacrificial altar of Ru.
  2076 | D:3      | Reached XP level 5. HP: 45/45 MP: 5/5
  2300 | D:3      | Reached skill level 7 in Axes
  2619 | D:4      | Found a stormy altar of Qazlal.
  2632 | D:4      | Found a blossoming altar of Fedhas.
  2638 | D:4      | Became a worshipper of Qazlal Stormbringer
  2671 | D:4      | Reached skill level 8 in Axes
  2671 | D:4      | Reached XP level 6. HP: 48/51 MP: 6/6
  3100 | D:4      | Noticed Dowan
  3101 | D:4      | Noticed Duvessa
  3116 | D:4      | Killed Duvessa
  3116 | D:4      | Reached skill level 9 in Axes
  3138 | D:4      | Killed Dowan
  3138 | D:4      | Reached XP level 7. HP: 35/57 MP: 7/7
  3176 | D:4      | Got an encrusted scale mail
  3187 | D:4      | Identified the +5 scale mail of Hommaxoll {rC+ Regen+ Int+2} (You found it on level 4 of the Dungeon)
  3266 | D:4      | Noticed an ogre
  3269 | D:4      | Killed an ogre
  3269 | D:4      | Reached skill level 10 in Axes
  3642 | D:5      | Entered Level 5 of the Dungeon
  3722 | D:5      | Reached skill level 11 in Axes
  3788 | D:5      | Found an ancient bone altar of Kikubaaqudgha.
  3841 | D:5      | Reached XP level 8. HP: 64/64 MP: 8/8
  3903 | D:5      | Reached skill level 12 in Axes
  4296 | D:6      | Found a shattered altar of Ashenzari.
  4400 | D:6      | Acquired Qazlal's first power
  4711 | D:6      | Reached skill level 13 in Axes
  4746 | D:6      | Found a basalt altar of Yredelemnul.
  4774 | D:6      | Found a shadowy altar of Dithmenos.
  5047 | D:6      | Noticed cmdexe's ghost (experienced DsFi)
  5061 | D:6      | Killed cmdexe's ghost
  5061 | D:6      | Reached skill level 14 in Axes
  5061 | D:6      | Reached XP level 9. HP: 55/70 MP: 9/9
  5203 | D:7      | Found Leme Axt's Gadget Boutique.
  5259 | D:7      | Reached skill level 15 in Axes
  5339 | D:7      | Acquired Qazlal's second power
  5779 | D:7      | Found a staircase to the Ecumenical Temple.
  5859 | D:7      | Noticed Crazy Yiuf
  5863 | D:7      | Killed Crazy Yiuf
  5923 | D:8      | Reached skill level 16 in Axes
  6330 | D:8      | Reached XP level 10. HP: 61/77 MP: 10/10
  6650 | D:9      | Noticed Erica
  6730 | D:9      | Noticed Pikel
  6750 | D:9      | Killed Pikel
  6750 | D:9      | Reached skill level 17 in Axes
  6838 | D:9      | Found a bloodstained altar of Trog.
  7121 | D:9      | Found a staircase to the Lair.
  7148 | D:9      | Killed Erica
  7148 | D:9      | Reached skill level 18 in Axes
  7191 | D:9      | Noticed Joseph
  7219 | D:9      | Killed Joseph
  7336 | D:9      | Found a deep blue altar of Sif Muna.
  7391 | D:9      | Reached skill level 19 in Axes
  7694 | D:10     | Entered Level 10 of the Dungeon
  7739 | D:10     | Reached XP level 11. HP: 83/83 MP: 11/11
  7776 | D:10     | Acquired Qazlal's third power
  7829 | D:10     | Reached skill level 5 in Fighting
  7906 | D:10     | Reached skill level 5 in Armour
  8113 | D:10     | Noticed a wizard
  8115 | D:10     | Noticed a wizard
  8120 | D:10     | Killed a wizard
  8133 | D:10     | Killed a wizard
  8140 | D:10     | Identified Ts'ui Pên's Tome of Forking Paths
  8147 | D:10     | Identified the Compendium of Dhcmrlchtdj
  8159 | D:10     | Noticed a centaur warrior
  8168 | D:10     | Killed a centaur warrior
  8273 | D:10     | Acquired Qazlal's fourth power
  8327 | D:10     | Killed an unseen horror
  8542 | D:10     | Noticed a manticore
  8546 | D:10     | Reached XP level 12. HP: 104/104 MP: 12/12
  8551 | D:10     | Killed a manticore
  8603 | D:10     | Noticed kae's ghost (powerful HOFi)
  8620 | D:10     | Killed kae's ghost
  8768 | D:10     | Identified the Grimoire of Axaxaxas mlö
  8886 | Lair:1   | Entered Level 1 of the Lair of Beasts
  8899 | Lair:1   | Reached skill level 10 in Fighting
 10038 | Lair:2   | Reached skill level 10 in Armour
 10057 | Lair:2   | Reached skill level 1 in Invocations
 10423 | Lair:2   | Noticed a seven-headed hydra
 10433 | Lair:3   | Noticed a five-headed hydra
 10564 | Lair:2   | Killed a 17-headed hydra
 10564 | Lair:2   | Reached skill level 5 in Invocations
 10956 | Lair:3   | Acquired Qazlal's fifth power
 11124 | Lair:3   | Noticed a six-headed hydra
 11172 | Lair:3   | Killed a ten-headed hydra
 11467 | Lair:3   | Killed a ten-headed hydra
 11467 | Lair:3   | Reached XP level 13. HP: 114/114 MP: 14/20
 11607 | Lair:3   | Reached skill level 10 in Invocations
 12437 | Lair:4   | Found a staircase to the Snake Pit.
 13642 | Lair:5   | Found a dark tunnel.
 13648 | Volcano  | Entered a volcano
 14119 | Lair:6   | Reached skill level 15 in Invocations
 14480 | Lair:6   | Reached XP level 14. HP: 109/122 MP: 24/26
 14562 | Lair:6   | Noticed Nessos
 14565 | Lair:6   | Killed Nessos
 14658 | Lair:6   | Found a staircase to the Shoals.
 14990 | Lair:6   | Found a runed door.
 14990 | Lair:6   | Found a viscous altar of Jiyva.
 14995 | Lair:6   | Found a staircase to the Slime Pits.
 15116 | Lair:7   | Got a scorched golden ring
 15124 | Lair:7   | Identified the ring of Cono {rF+ rC- Dex+5 SInv Stlth-} (You found it on level 7 of the Lair of Beasts)
 15788 | Lair:8   | Entered Level 8 of the Lair of Beasts
 16155 | Lair:8   | HP: 5/122 [redback (6)]
 17141 | Lair:8   | Reached skill level 20 in Invocations
 17141 | Lair:8   | Reached XP level 15. HP: 87/128 MP: 27/29
 18575 | D:11     | Noticed cmdexe's ghost (experienced DsFi)
 18602 | D:11     | Killed cmdexe's ghost
 18962 | D:11     | Found a staircase to the Orcish Mines.
 19490 | Orc:1    | Entered Level 1 of the Orcish Mines
 19536 | Orc:1    | Noticed Urug
 19540 | Orc:1    | Noticed Fannar
 19542 | Orc:1    | Found a radiant altar of Vehumet.
 19714 | Orc:1    | Killed Fannar
 19722 | Orc:1    | Killed Urug
 20552 | Orc:1    | Found Veschuoler's Armour Boutique.
 20573 | Orc:1    | Bought the +9 armour of the Dragon King {rPois rF+ rC+ MR+} for 1372 gold pieces
 21258 | Orc:3    | Found a staircase to the Elven Halls.
 21603 | Orc:4    | Entered Level 4 of the Orcish Mines
 22836 | Orc:4    | Found Haewoth's General Store.
 22836 | Orc:4    | Found Boleu's Magic Scroll Emporium.
 22838 | Orc:4    | Found Xampipog's Antique Armour Shoppe.
 22840 | Orc:4    | Found Ogimem's Food Shop.
 23095 | Orc:4    | Bought a scroll of identify for 32 gold pieces
 23095 | Orc:4    | Bought a scroll of identify for 32 gold pieces
 23095 | Orc:4    | Bought a scroll of identify for 32 gold pieces
 23095 | Orc:4    | Bought a scroll of identify for 32 gold pieces
 23097 | Orc:4    | Bought a glowing cloak for 117 gold pieces
 23097 | Orc:4    | Bought a pair of glowing boots for 117 gold pieces
 23126 | Orc:4    | Bought 3 scrolls of identify for 96 gold pieces
 23127 | Orc:4    | Bought a scroll of enchant armour for 120 gold pieces
 23127 | Orc:4    | Bought a scroll of enchant weapon for 120 gold pieces
 23127 | Orc:4    | Bought a scroll of enchant weapon for 120 gold pieces
 23522 | Elf:1    | Entered Level 1 of the Elven Halls
 23548 | Elf:1    | Reached skill level 21 in Axes
 23800 | Elf:1    | Reached XP level 16. HP: 111/136 MP: 30/30
 23869 | Elf:1    | Identified the Disquisition on Lucky Sinister Rituals
 24787 | Elf:2    | Reached skill level 22 in Axes
 24851 | Elf:2    | Noticed Jorgrun
 25094 | Elf:2    | Killed Jorgrun
 25529 | Elf:2    | Found a huge runed gate.
 25529 | Elf:2    | Found a huge runed gate.
 25529 | Elf:2    | Found a huge runed gate.
 25529 | Elf:2    | Found a huge runed gate.
 25531 | Elf:2    | Found a huge runed gate.
 26520 | Elf:2    | Reached skill level 23 in Axes
 27112 | Elf:3    | Entered Level 3 of the Elven Halls
 27970 | Elf:3    | Killed from afar by a deep elf conjurer

Vault maps used:
D:1:      onia_arrival_larder, minivault_23
D:2:      grunt_temple_overflow_opulence, gammafunk_temple_overflow_elements,
          first_bread
D:3:      kennysheep_small_spiral, nicolae_ru_sacrificial_ziggurat
D:4:      grunt_temple_overflow_forces_of_nature, serial_forest,
          infiniplex_forest_pool, infiniplex_forest_clump_medium,
          infiniplex_forest_corner_2, infiniplex_forest_straight_4,
          infiniplex_forest_diagonal, infiniplex_forest_zigzag_1, uniq_duvessa
D:5:      lemuel_zombie_altar_kikubaaqudgha, minmay_liquid_box
D:6:      kennysheep_six_static_rooms, yredelemnul_altar_generic,
          nicolae_dithmenos_shadow_blocks, ashenzari_conservatory_becter
D:7:      temple_hall, serial_shops, shop, uniq_crazy_yiuf_cottage
D:8:      blue_anna_alchemist
D:9:      lemuel_coloured_pillars_altar, trog_ov_bears_minmay,
          minmay_lair_entry_lava, uniq_pikel, uniq_joseph, uniq_erica
D:10:     minmay_quarter_circles, bh_hangedman_babel_library
D:11:     erik_orc_1, kennysheep_generic_room_14
Lair:1:   ice2_lemuel
Lair:2:   st_stairs_6
Lair:4:   guppyfry_snake_entry_garden, nicolae_quartered_pool_super,
          grunt_megastairs_3
Lair:5:   enter_volcano_3, infiniplex_staircase_pool
Lair:6:   minmay_shoals_entry_centaurs, slime_altar_2, beast_lair_carwin_1,
          grunt_megastairs_1, uniq_nessos
Lair:7:   eino_small_chamber_without_monster
Lair:8:   minmay_lair_end_enchanted_forest, wad_woods_02
Orc:1:    basic_altar, serial_shops, shop, uniq_urug, uniq_fannar
Orc:3:    nicolae_orc_pool_cavern
Orc:4:    st_orc_rangers
Elf:1:    elf_arrival_001, minmay_elf_necromancy, sword_in_stone,
          grunt_megastairs_4
Elf:2:    feat_on_display, uniq_jorgrun
Elf:3:    grunt_elf_hall_diamonds, serial_shops, shop,
          hangedman_elf_power_crystal
Volcano:  volcano_bunker

Action                   |  1- 3 |  4- 6 |  7- 9 | 10-12 | 13-15 | 16-18 || total
-------------------------+-------+-------+-------+-------+-------+-------++-------
Melee: War axe           |   100 |   194 |   378 |   620 |   794 |       ||  2086
       Battleaxe         |       |       |       |       |   563 |   383 ||   946
       Unarmed           |       |       |       |       |     5 |       ||     5
Invok: Upheaval          |       |       |       |    11 |    27 |     4 ||    42
       Disaster Area     |       |       |       |       |       |     1 ||     1
Evoke: Wand              |       |       |       |     2 |       |       ||     2
  Use: Scroll            |       |       |       |    23 |    17 |     1 ||    41
       Potion            |       |       |       |     7 |     4 |     2 ||    13
 Stab: Invisible         |       |       |       |     1 |       |       ||     1
  Eat: Chunk             |       |     6 |    11 |    14 |    38 |     9 ||    78
       Beef jerky        |       |       |     1 |       |     1 |       ||     2
       Royal jelly       |       |       |       |     1 |       |       ||     1
       Fruit             |       |       |       |       |     1 |     2 ||     3
       Pizza             |       |       |       |       |       |     1 ||     1
